 Dungeon Crawl Stone Soup version 0.17-a0-1468-gbf503c2 (webtiles) character file.

26 Sirial the Stinger (level 2, 0/20 HPs)
             Began as a Draconian Wanderer on July 1, 2015.
             Succumbed to an adder's poison
             ... on level 2 of the Dungeon.
             The game lasted 00:07:05 (1246 turns).

Sirial the Stinger (Draconian Wanderer)             Turns: 1246, Time: 00:07:05

Health: 0/20       AC:  4    Str: 13    XL:     2   Next: 89%
Magic:  0/5        EV: 10    Int: 12    God:
Gold:   55         SH:  3    Dex: 11    Spells: 3 memorised, 2 levels left

rFire  . . .     SeeInvis .     d - +1 club
rCold  . . .     Clarity  .     (armour unavailable)
rNeg   . . .     SustAt   .     j - +0 buckler
rPois  +         Gourm    .     (helmet restricted)
rElec  .         Spirit   .     (no cloak)
rCorr  .         Warding  .     (no gloves)
rMut   .         Stasis   .     (no boots)
MR     .....                    (no amulet)
Stlth  +.........               (no ring)
                                l - ring of poison resistance

@: lethally poisoned (0 -> -3), very slightly contaminated, not resistant to
hostile enchantments, very unstealthy
A: unfitting armour, cold-blooded, AC +4
a: no special abilities


You were on level 2 of the Dungeon.
You were not hungry.

You visited 1 branch of the dungeon, and saw 2 of its levels.

You collected 55 gold pieces.

Inventory:

Hand weapons
 d - a +1 club (weapon)
Missiles
 f - 7 arrows
Armour
 j - a +0 buckler (worn)
Jewellery
 l - a ring of poison resistance (left hand)
Scrolls
 h - 2 scrolls of remove curse
Books
 a - a Young Poisoner's Handbook

   Spells                             Type                      Level
   a - Sting                          Conjuration/Poison           1
   b - Cure Poison                    Poison                       2
   c - Mephitic Cloud                 Conjuration/Poison/Air       3
   d - Olgreb's Toxic Radiance        Poison                       4
   e - Venom Bolt                     Conjuration/Poison           5
 b - the Tome of Shape Shifting

   Spells                             Type                      Level
   a - Stoneskin                      Transmutation/Earth          2
   b - Sticks to Snakes               Transmutation                2
 c - the Disquisition on Shape Shifting

   Spells                             Type                      Level
   a - Beastly Appendage              Transmutation                1
   b - Stoneskin                      Transmutation/Earth          2
Comestibles
 e - a bread ration


   Skills:
 + Level 1.0 Throwing
 + Level 0.5 Dodging
 + Level 1.1 Stealth
 + Level 2.6 Spellcasting
   Level 1.0 Necromancy
 + Level 0.8 Transmutations
   Level 1.0 Fire Magic
 + Level 4.2 Poison Magic


You had 2 spell levels left.
You knew the following spells:

 Your Spells              Type           Power        Failure   Level  Hunger
a - Sting                 Conj/Pois      #...         21%         1    #......
b - Beastly Appendage     Trmt           #.....       38%         1    #......
c - Sticks to Snakes      Trmt           #.........   58%         2    ###....


Dungeon Overview and Level Annotations

Branches:
Dungeon (2/15)

Altars:


Innate Abilities, Weirdness & Mutations

Your plain brown scales are hard (AC +4).
Your body does not fit into most forms of armour.
You are cold-blooded and may be slowed by cold attacks.


Message History

Confirm with . or Enter, or press ? or * to list all spells.
Aiming: Sting
Press: ? - help, Shift-Dir - straight line, f/p - adder
Aim: an adder (lightly wounded)
You miscast Sting.
Wisps of poison gas drift from your hands.
The adder bites you but does no damage. The rat bites you but does no damage.
The adder bites you but does no damage.
You barely miss the adder.
The adder is lightly wounded.
* * * LOW HITPOINT WARNING * * *
You feel sick. The rat closely misses you. The adder bites you.
* * * LOW HITPOINT WARNING * * *
You hit the adder but do no damage.
The adder is lightly wounded.
The adder bites you but does no damage. The rat closely misses you.
The adder barely misses you. The rat bites you but does no damage.
You closely miss the adder.
The adder is lightly wounded.
You die...

...........#
..........#
.)........#
#.........#
#.#.......#
#.........#
#..##...#
#..#.<..#
#.@Sg.###
#.!r#.#
.......#.#
.$....(...#
#........##
........###
###.....#
##...?.


You could see an adder, a goblin and a rat.

Vanquished Creatures
  An ooze (D:1)
  2 giant geckos (D:1)
  2 goblins
  3 hobgoblins (D:1)
  2 jackals (D:1)
  A ball python (D:1)
  4 bats (D:1)
  2 giant newts (D:1)
  2 rats (D:1)
19 creatures vanquished.

Vanquished Creatures (collateral kills)
  A bat (D:1)
  A goblin (D:1)
  2 hobgoblins (D:1)
4 creatures vanquished.

Grand Total: 23 creatures vanquished

Notes
Turn   | Place    | Note
--------------------------------------------------------------
     0 | D:1      | Sirial the Draconian Wanderer began the quest for the Orb.
     0 | D:1      | Sirial set off with: a Young Poisoner's Handbook, the Tome of Shape Shifting, the Disquisition on Shape Shifting, a +0 club, a bread ration
     0 | D:1      | Reached XP level 1. HP: 14/14 MP: 3/3
     7 | D:1      | Learned a level 1 spell: Sting
     9 | D:1      | Learned a level 1 spell: Beastly Appendage
   234 | D:1      | Reached XP level 2. HP: 12/20 MP: 0/5
   238 | D:1      | Learned a level 2 spell: Sticks to Snakes
  1244 | D:2      | HP: 1/20 [adder (3)]
  1246 | D:2      | Succumbed to an adder's poison

Vault maps used:
D:1:      lightli_arrival_quake, minmay_misc_feat_tiny, hangedman_decor_points,
          glass_columns_b
D:2:      nicolae_overflow_hidden_temple, uniq_natasha

Action                   || total
-------------------------++-------
Melee: Club              ||    45
 Cast: Sting             ||    20
       Sticks to Snakes  ||     8
       Beastly Appendage ||     1
  Use: Potion            ||     3
       Scroll            ||     4
  Eat: Meat ration       ||     1
